 Dungeon Crawl Stone Soup version 0.20.1-1-g8b1a95d (console) character file.

126 rafael the Gusty (level 5, -1/31 HPs)
             Began as a Halfling Air Elementalist on July 10, 2017.
             Slain by a hound (5 damage)
             ... on level 5 of the Dungeon.
             The game lasted 00:07:59 (1746 turns).

rafael the Gusty (Halfling Air Elementalist)        Turns: 1746, Time: 00:08:00

Health: -1/31      AC:  3    Str:  9    XL:     5   Next: 31%
Magic:  1/7        EV: 16    Int: 14    God:
Gold:   117        SH:  0    Dex: 15    Spells: 6/7 levels left

rFire    . . .     SeeInvis .   a - +0 short sword
rCold    . . .     Gourm    +   (shield restricted)
rNeg     . . .     Faith    .   j - +0 robe
rPois    .         Spirit   .   (no helmet)
rElec    .         Reflect  .   (no cloak)
rCorr    .         Harm     .   (no gloves)
MR       .....                  d - +0 pair of boots
Stlth    ++........             n - amulet of the gourmand
Regen    0.1/turn               (no ring)
MPRegen  0.1/turn               (no ring)

@: very slightly contaminated
A: mutation resistance 1
a: no special abilities


You were on level 5 of the Dungeon.
You were hungry.

You visited 1 branch of the dungeon, and saw 5 of its levels.

You collected 117 gold pieces.

Inventory:

Hand Weapons
 a - a +0 short sword (weapon)
 r - a +0 spear
Missiles
 h - 26 sling bullets
 s - a throwing net (quivered)
Armour
 d - a +0 pair of boots (worn)
 j - a +0 robe (worn)
Jewellery
 e - an uncursed ring of ice
 n - an amulet of the gourmand (around neck)
Scrolls
 g - 4 scrolls of remove curse
 i - a scroll of fear {unknown}
 k - a scroll of blinking {unknown}
 m - a scroll of teleportation {unknown}
 p - a scroll of summoning {unknown}
Potions
 f - a potion of agility
 l - 2 potions of curing
 o - a potion of flight {unknown}
Books
 b - a book of Air

   Spells                             Type                      Level
   a - Shock                          Conjuration/Air              1
   b - Swiftness                      Charms/Air                   2
   c - Static Discharge               Conjuration/Air              3
   d - Airstrike                      Air                          4
   e - Lightning Bolt                 Conjuration/Air              5
Comestibles
 c - 2 bread rations
 q - a chunk of flesh


   Skills:
 + Level 3.2 Dodging
 + Level 3.5 Stealth
 - Level 1.5 Spellcasting
 - Level 0.7 Conjurations
 * Level 4.5 Air Magic


You had 6 spell levels left.
You knew the following spells:

 Your Spells              Type           Power        Failure   Level  Hunger
a - Shock                 Conj/Air       #...         9%          1    ##.....


Dungeon Overview and Level Annotations

Branches:
Dungeon (6/15)
 Temple: D:4-7

Altars:


Innate Abilities, Weirdness & Mutations

You are small and have problems with some larger weapons.
You are somewhat resistant to further mutation.


Message History

The zap misses the hound. x2; The hound bites you.
The hound barely misses you.
Casting: Shock
Confirm with . or Enter, or press ? or * to list all spells.
Aiming: Shock
Press: ? - help, Shift-Dir - straight line The zap hits the hound.
The hound is heavily wounded.
The zap hits the hound.
The hound is severely wounded.
The hound closely misses you.
Casting: Shock
Confirm with . or Enter, or press ? or * to list all spells.
Aiming: Shock
Press: ? - help, Shift-Dir - straight line The zap misses the hound.
The zap hits the hound.
The hound is almost dead.
The hound bites you.
* * * LOW HITPOINT WARNING * * *
The hound bites you.
You die...

##........#
+.........#
#.........#
#.........#
+.........#
#........#
#........#
#..h@....#
#........#
#........#
##########


You could see a hound.

Vanquished Creatures
  A worker ant (D:6)
  2 hound skeletons (D:6)
  An adder (D:2)
  3 gnolls (D:2)
  2 dart slugs
  A leopard gecko (D:2)
  3 bats (D:1)
  3 goblins
  6 hobgoblins
  3 jackals (D:1)
  5 kobolds
  A frilled lizard (D:2)
  5 rats (D:2)
36 creatures vanquished.

Notes
Turn   | Place    | Note
-------+----------+-------------------------------------------
     0 | D:1      | rafael the Halfling Air Elementalist began the quest for the Orb.
     0 | D:1      | Reached XP level 1. HP: 11/11 MP: 3/3
   174 | D:1      | Reached XP level 2. HP: 17/17 MP: 0/4
   657 | D:2      | Reached XP level 3. HP: 17/21 MP: 2/5
  1109 | D:2      | Reached XP level 4. HP: 12/27 MP: 0/6
  1141 | D:2      | Reached skill level 4 in Air Magic
  1499 | D:3      | You fall through a shaft for 3 floors!
  1630 | D:6      | Noticed an ogre
  1655 | D:6      | Reached XP level 5. HP: 23/31 MP: 1/7
  1723 | D:6      | Noticed an orc warrior
  1739 | D:5      | Entered Level 5 of the Dungeon
  1746 | D:5      | Slain by a hound

Skill      XL: |  1  2  3  4 |
---------------+-------------+-----
Stealth        | 3 |  3.5
Air Magic      | 4 |  4.5
Dodging        | 3 |  3.2
Spellcasting   | |  1.5
Conjurations   | |  0.7

Action                   |  1- 3 |  4- 6 || total
-------------------------+-------+-------++-------
Melee: Unarmed           |     4 |       ||     4
       Short sword       |    20 |    23 ||    43
       Club              |     4 |       ||     4
 Cast: Shock             |    40 |    30 ||    70
  Use: Scroll            |       |     4 ||     4
       Potion            |       |     1 ||     1
 Stab: Sleeping          |     2 |       ||     2
  Eat: Chunk             |     1 |     3 ||     4
Armor: Robe              |     9 |     8 ||    17
Dodge: Dodged            |    49 |    53 ||   102
